 Dungeon Crawl Stone Soup version 0.30-a0-1164-ge08a67761e (webtiles) character file.

Game seed: 12692970516265861075

369 Jase the Digger (level 6, 0/36 HPs)
             Began as a Gargoyle Earth Elementalist on Apr 29, 2023.
             Slain by a gnoll
             ... wielding a +0 spear
              (3 damage)
             ... on level 4 of the Dungeon.
             The game lasted 00:12:42 (3085 turns).

Jase the Digger (Gargoyle Earth Elementalist)       Turns: 3085, Time: 00:12:43

Health: 0/36       AC:  6    Str: 11    XL:     6   Next: 70%
Magic:  7/10       EV: 11    Int: 18    God:
Gold:   125        SH:  0    Dex: 10    Spells: 5/11 levels left

rFire   . . .        a - +2 dagger (venom)
rCold   . . .        (no shield)
rNeg    + . .        p - +0 robe
rPois   ∞            (no helmet)
rElec   +            (no cloak)
rCorr   .            (no gloves)
SInv    .            (no boots)
Will    .....        e - amulet of the acrobat
Stlth   ++           (no ring)
HPRegen 0.26/turn    (no ring)
MPRegen 0.12/turn

%: acrobat
@: no status effects
A: sickness immunity, AC +4, negative energy resistance 1, electricity
resistance, torment resistance 1, petrification resistance
a: no special abilities


You were on level 4 of the Dungeon.
You visited 1 branch of the dungeon, and saw 4 of its levels.

You collected 125 gold pieces.

Inventory:

Hand Weapons
 a - a +2 dagger of venom (weapon)
 n - a +0 hand axe of flaming
Missiles
 l - 2 throwing nets
 u - 3 poisoned darts
 w - 3 datura-tipped darts
Armour
 p - a +0 robe (worn)
Jewellery
 e - an amulet of the acrobat (around neck)
Wands
 o - a wand of digging (7)
 t - a wand of quicksilver (14)
 v - a wand of polymorph (10)
Scrolls
 c - 5 scrolls of identify {unknown}
 d - 2 scrolls of magic mapping {unknown}
 g - a scroll of silence {unknown}
 h - 3 scrolls of enchant armour {unknown}
 j - a scroll of amnesia {unknown}
 m - a scroll of vulnerability {unknown}
 r - a scroll of fog {unknown}
 x - a scroll of teleportation {unknown}
 y - a scroll of noise {unknown}
Potions
 b - 2 potions of magic
 f - 2 potions of attraction {unknown}
 i - a potion of ambrosia {unknown}
 k - 2 potions of curing {unknown}
 q - a potion of cancellation {unknown}
 s - a potion of brilliance {unknown}
 z - a potion of might {unknown}


   Skills:
 + Level 2.6 Fighting
 - Level 1.5 Dodging
 - Level 2.1 Stealth
 + Level 3.2 Spellcasting
 + Level 2.1 Conjurations
 + Level 2.2 Transmutations
 * Level 5.9 Earth Magic


You had 5 spell levels left.
You knew the following spells:

 Your Spells              Type           Power      Damage    Failure   Level
a - Sandblast             Erth           48%        2d12      1%          1
b - Passwall              Tmut/Erth      14%        N/A       4%          2
c - Stone Arrow           Conj/Erth      34%        3d9       9%          3

Your spell library contained the following spells:

 Spells                   Type           Power      Damage    Failure   Level
 Petrify                  Tmut/Erth      17%        N/A       30%         4
 Summon Guardian Golem    Hex/Summ       2%         N/A       43%         3
 Orb of Destruction       Conj           5%         9d5       100%        7
 Spellforged Servitor     Conj/Summ      3%         N/A       100%        7
 Chain Lightning          Conj/Air       3%         3d4       100%        9
 Fire Storm               Conj/Fire      3%         8d1       100%        9
 Shatter                  Erth           12%        3d13*     100%        9


Dungeon Overview and Level Annotations

Branches:
Dungeon (4/15)
 Temple: D:4-7

Altars:
Fedhas

Shops:
D:2 =

Annotations:
D:3 1 transporter, 1 runed translucent door, Crazy Yiuf; Terence; nononono's ghost, amateur DjTm
D:4 Sigmund


Innate Abilities, Weirdness & Mutations

You are immune to sickness and miasma.
Your stone body is resilient. (AC +4)
You are immune to poison.
You resist negative energy. (rN+)
You are resistant to electric shocks. (rElec)
You are resistant to unholy torment.
You are immune to petrification.


Message History

The blast of sand hits the gnoll!
The gnoll is severely wounded.
The gnoll shouts!
The gnoll hits you from afar with a +0 spear!
A gnoll comes into view. It is wielding a +0 flail.
The blast of sand hits the gnoll.
The gnoll is moderately wounded.
The gnoll hits you from afar with a +0 spear.
The gnoll barely misses you. The gnoll hits you with a +0 flail!
The gnoll hits you from afar with a +0 spear.
* * * LOW HITPOINT WARNING * * *
You are too injured to fight recklessly!
The gnoll attacks as you move away! The gnoll completely misses you.
The gnoll attacks as you move away! The gnoll hits you with a +0 flail.
* * * LOW HITPOINT WARNING * * *
Casting: Sandblast (safe; 1% risk of failure)
Confirm with . or Enter, or press ? or * to list all spells.
Aiming: Sandblast (safe; 1% risk of failure)
Press: ? - help, Shift-Dir - straight line, f/p - gnoll
Aim: a gnoll, wielding a +0 flail (moderately wounded, 85% to hit)
Okay, then.
Casting: Sandblast (safe; 1% risk of failure)
Confirm with . or Enter, or press ? or * to list all spells.
Aiming: Sandblast (safe; 1% risk of failure)
Press: ? - help, Shift-Dir - straight line, f/p - gnoll
Aim: a gnoll, wielding a +0 flail (moderately wounded, 85% to hit)
The blast of sand hits the gnoll.
The gnoll is severely wounded.
The gnoll barely misses you.
Unknown command.
Casting: Sandblast (safe; 1% risk of failure)
Confirm with . or Enter, or press ? or * to list all spells.
Aiming: Sandblast (safe; 1% risk of failure)
Press: ? - help, Shift-Dir - straight line, f/p - gnoll
Aim: a gnoll, wielding a +0 flail (severely wounded, 85% to hit)
The blast of sand hits the gnoll!
You kill the gnoll!
The gnoll barely misses you.
The gnoll hits you from afar with a +0 spear.
You die...

#># ##.## #.# #...#
##.# #...### ##..#
#...#.## #
####...#########.#...##
+
+........).............
#
####...#########.#...##
#...)...# #....##
#.###@#.# ####.# #.
#)#.# #.# #. #g# #
#.### .# #. #.#
#####.... .# #.......#
#........ ##.##
#####.### #.###.##.
####...## #.# #.# #.##.
..#.....# #.# #.# #....
)......# # #.#
#.###.##.


You could see a gnoll.

Vanquished Creatures
  A wight (D:3)
  2 hounds (D:4)
  2 jellies (D:4)
  Ijyb (D:3)
  Robin (D:3)
  6 gnolls (D:4)
  3 adders
  An ufetubus (D:3)
  A worm (D:4)
  3 dart slugs
  An orc (D:2)
  A bat (D:3)
  2 endoplasms
  4 giant cockroaches
  5 hobgoblins
  4 jackals (D:4)
  3 quokkas
  6 ball pythons
  3 frilled lizards
  17 goblins
  A kobold (D:4)
  8 rats
76 creatures vanquished.

Vanquished Creatures (others)
  A plant (D:2)
1 creature vanquished.

Grand Total: 77 creatures vanquished

Notes
Turn   | Place    | Note
-------+----------+-------------------------------------------
     0 | D:1      | Jase the Gargoyle Earth Elementalist began the quest for
                  | the Orb.
     0 | D:1      | Reached XP level 1. HP: 10/10 MP: 3/3
   109 | D:1      | Reached skill level 1 in Transmutations
   109 | D:1      | Reached XP level 2. HP: 16/16 MP: 1/5
   219 | D:1      | Reached skill level 4 in Earth Magic
   357 | D:1      | Reached skill level 1 in Fighting
   427 | D:1      | Reached XP level 3. HP: 20/20 MP: 4/6
   777 | D:2      | Found Savif's Jewellery Shop.
   935 | D:2      | Found a faded altar of an unknown god.
  1057 | D:2      | You fall into a shaft and drop 1 floor!
  1096 | D:3      | Learned a level 2 spell: Passwall
  1100 | D:3      | Learned a level 3 spell: Stone Arrow
  1130 | D:3      | Noticed Terence
  1173 | D:3      | Found a transporter.
  1173 | D:3      | Noticed nononono's ghost (amateur DjTm)
  1174 | D:3      | Identified the +4 dire flail of Eternal Vigilance {freeze,
                  | Str+3 Int-3 Dex+3}
  1174 | D:3      | Noticed an ogre
  1175 | D:3      | Noticed an ogre
  1210 | D:3      | Reached XP level 4. HP: 25/25 MP: 4/7
  1300 | D:3      | Noticed Ijyb
  1310 | D:3      | Killed Ijyb
  1442 | D:3      | Noticed Robin
  1448 | D:3      | Killed Robin
  1545 | D:3      | Reached XP level 5. HP: 30/30 MP: 6/9
  1691 | D:3      | Found a runed translucent door.
  1692 | D:3      | Noticed Crazy Yiuf
  1858 | D:3      | Reached skill level 1 in Conjurations
  1858 | D:3      | Reached skill level 5 in Earth Magic
  2354 | D:4      | Reached XP level 6. HP: 35/35 MP: 8/10
  2548 | D:4      | Noticed Sigmund
  2631 | D:4      | Found a blossoming altar of Fedhas.
  3085 | D:4      | Slain by a gnoll

Illustrated notes

Levels and vault maps discovered:
D:1:      lightli_arrival_maybe_door_vault, layout_rooms,
          hangedman_abyss_or_decor_lesser_grid
D:2:      layout_loops_ring, chequers_ecumenical_altar_lobes, serial_shops,
          shop, hangedman_decor_push
D:3:      layout_rooms, gammafunk_ghost_smash, minmay_puff, uniq_terence,
          uniq_crazy_yiuf_cottage, uniq_ijyb, uniq_robin
D:4:      layout_loops_corners, grunt_temple_overflow_growth_and_decay,
          uniq_sigmund

Skill      XL: |  1  2  3  4  5  6 |
---------------+-------------------+-----
Transmutations | 1 2 |  2.2
Earth Magic    | 4 5 |  5.9
Fighting       | 1 2 |  2.6
Conjurations   | 1 2 |  2.1
Spellcasting   | 3 |  3.2
Dodging        | |  1.5
Stealth        | |  2.1

Action                     |  1- 3 |  4- 6 || total
---------------------------+-------+-------++-------
  Melee: Dagger            |     4 |     2 ||     6
   Cast: Sandblast         |    45 |    75 ||   120
 Armour: Robe              |     2 |     6 ||     8
  Dodge: Dodged            |     5 |    25 ||    30

Table legend: (Time is in decaauts)
 A = Elapsed time spent in this place.
 B = Non-inter-level travel time spent in this place.
 C = Inter-level travel time spent in this place.
 D = Time resting spent in this place.
 E = Time spent auto-exploring this place.
 F = Levels seen in this place.
 G = Mean time per level.
                   A        B        C        D        E       F      G
               +--------+--------+--------+--------+--------+-----+--------+
         Total |   3143 |   3055 |     88 |    137 |   2344 |   4 |  785.8 |
       Dungeon |   3143 |   3055 |     88 |    137 |   2344 |   4 |  785.8 |
               +--------+--------+--------+--------+--------+-----+--------+

Top non-repeatable levels by time:
     D:3: 1130 daAuts
     D:4: 938 daAuts
     D:1: 724 daAuts
     D:2: 351 daAuts
